 Dungeon Crawl Stone Soup version 0.31-a0-868-g674d60d6f7 (webtiles) character file.

Game seed: 16809867114600235069

168 LeprechaunX the Changeling (level 5, -2/34 HPs)
             Began as an Octopode Shapeshifter on Oct 11, 2023.
             Slain by a gnoll
             ... wielding a +0 club
              (4 damage)
             ... on level 2 of the Dungeon.
             The game lasted 00:02:14 (1984 turns).

LeprechaunX the Changeling (Octopode Shapeshifter)  Turns: 1984, Time: 00:02:15

Health: -2/34      AC:  1    Str: 16    XL:     5   Next: 48%
Magic:  5/5        EV:  9    Int: 12    God:
Gold:   108        SH: 11    Dex: 11    Spells: 4/4 levels left

rFire   . .          .
                       - Unarmed
rCold   . . .        h - +0 tower shield
rNeg    . . .        (helmet currently unavailable)
rPois   .            (no amulet)
rElec   .            (no ring)
rCorr   .            (no ring)
SInv    .            (no ring)
Will    .....        (no ring)
Stlth   ++           (no ring)
HPRegen 0.25/turn    (no ring)
MPRegen 0.09/turn    (no ring)
                     (no ring)

%: no passive effects
@: beast-form
A: beast (slay +2), almost no armour, amphibious, 8 rings, camouflage 1,
gelatinous body 1, (nimble swimmer 1), tentacles
a: Begin Untransformation


You were on level 2 of the Dungeon.
You were a hulking beast.
You visited 1 branch of the dungeon, and saw 3 of its levels.

You collected 108 gold pieces.

Inventory:

Missiles
 n - 3 javelins
Armour
 h - a +0 tower shield (worn)
Talismans
 b - a beast talisman (active)
 c - a flux talisman
Scrolls
 e - a scroll of vulnerability {unknown}
 f - a scroll of enchant weapon {unknown}
 g - a scroll of immolation {unknown}
 i - a scroll of fear {unknown}
 k - 2 scrolls of poison {unknown}
 l - 3 scrolls of identify {unknown}
 o - a scroll of teleportation {unknown}
 q - a scroll of blinking {unknown}
Potions
 a - a potion of lignification
 d - 2 potions of enlightenment {unknown}
 j - 2 potions of might {unknown}
 m - a potion of curing {unknown}
 p - a potion of ambrosia {unknown}


   Skills:
 + Level 2.1 Fighting
 + Level 2.8 Dodging
 + Level 1.5 Shields
 + Level 3.6 Unarmed Combat
 * Level 4.1 Shapeshifting


You had 4 spell levels left.
You didn't know any spells.
Your spell library contained the following spells:

 Spells                   Type           Power      Damage    Failure   Level
 Cigotuvi's Dreadful Rot  Necr/Pois/Air  0%         N/A       100%        2
 Static Discharge         Conj/Air       0%         2-2/arc   100%        2
 Ignite Poison            Fire/Tmut/Pois 0%         N/A       100%        3
 Airstrike                Air            0%         2d(0-16)  100%        4
 Summon Lightning Spire   Summ/Air       0%         N/A       100%        4
 Freezing Cloud           Conj/Ice/Air   0%         6-21      100%        5


Dungeon Overview and Level Annotations

Branches:
Dungeon (3/15)

Altars:


Innate Abilities, Weirdness & Mutations

You are a hulking beast.
Your limbs bulge with bestial killing power. (Slay +2)
You cannot wear most types of armour.
You are amphibious.
You can wear up to eight rings at the same time.
Your skin changes colour to match your surroundings (Stealth+).
Your rubbery body absorbs attacks. (AC +1, EV +1)
((You are camouflaged when in or above water. (Stealth+)))
You have tentacles for arms and can constrict up to eight enemies at once.


Message History

Things that are here:
a scroll labelled ADISYUGIUF; a rat corpse The gnoll shouts! x2
You tentacle-slap the gnoll. Your grab misses the gnoll. You squeeze the gnoll.
The gnoll is heavily wounded.
The gnoll hits you with a +0 flail. x2
You barely miss the gnoll. Your grab misses the gnoll.
The gnoll is heavily wounded.
The gnoll barely misses you. You block the gnoll's attack.
A kobold comes into view.
It is wielding a +1 whip of electrocution.
The kobold shouts!
The gnoll attacks as it pursues you! The gnoll hits you with a +0 flail!
The gnoll attacks as it pursues you! The gnoll barely misses you.
The kobold moves out of view.
The gnoll attacks as it pursues you! You block the gnoll's attack.
The gnoll attacks as it pursues you! The gnoll hits you with a +0 club.
* * * LOW HITPOINT WARNING * * *
There is a stone staircase leading up here.
The gnoll hits you with a +0 flail.
* * * LOW HITPOINT WARNING * * *
You block the gnoll's attack.
You climb upwards.
There is a stone staircase leading down here.
Unknown command.
You tentacle-slap the gnoll. Your grab misses the gnoll.
The gnoll is severely wounded.
You block the gnoll's attack. The gnoll hits you with a +0 flail.
* * * LOW HITPOINT WARNING * * *
Unknown command.
You tentacle-slap the gnoll.
You kill the gnoll!
You block the gnoll's attack.
Unknown command.
You tentacle-slap the gnoll. You grab the gnoll.
The gnoll is lightly wounded.
You constrict the gnoll. The gnoll hits you with a +0 club.
* * * LOW HITPOINT WARNING * * *
The gnoll hits you with a +0 club.
You die...

.## #..# ..# #..# ..# #..# ..#
#..# .## #.)# .#
##############..# .########
#...............#
........########)############..#
#######........gh# ##..#
################## #...#
............# #...#
###########.################...#
....## #.†(..>.<.......(....#
##...# ##################.#.#
#(..# ##################.#.#
##..†#### #..................#.##
........###.##################...


You could see a gnoll.

Vanquished Creatures
  Natasha (thrice) (D:2)
  A gnoll (D:2)
  2 adders (D:2)
  A dart slug (D:2)
  7 bats
  3 endoplasms
  2 giant cockroaches (D:2)
  7 goblins
  7 hobgoblins
  6 jackals (D:1)
  4 kobolds
  3 quokkas
  4 ball pythons
  A frilled lizard (D:1)
  10 rats
61 creatures vanquished.

Notes
Turn   | Place    | Note
-------+----------+-------------------------------------------
     0 | D:1      | LeprechaunX the Octopode Shapeshifter began the quest for
                  | the Orb.
     0 | D:1      | Reached XP level 1. HP: 13/13 MP: 1/1
    76 | D:1      | Reached XP level 2. HP: 13/18 MP: 2/2
   618 | D:1      | Found a faded altar of an unknown god.
   634 | D:1      | Reached XP level 3. HP: 23/23 MP: 3/3
  1153 | D:2      | Noticed Natasha
  1160 | D:2      | Killed Natasha
  1161 | D:2      | Reached skill level 1 in Shields
  1161 | D:2      | Reached XP level 4. HP: 16/29 MP: 4/4
  1191 | D:2      | Noticed Natasha
  1200 | D:2      | Killed Natasha
  1462 | D:2      | Reached XP level 5. HP: 28/34 MP: 5/5
  1741 | D:2      | Noticed Natasha
  1747 | D:2      | Killed Natasha
  1748 | D:2      | Reached skill level 4 in Shapeshifting
  1984 | D:2      | Slain by a gnoll

Illustrated notes

Levels and vault maps discovered:
D:1:      psy_arrival_terrarium, layout_basic, basic_ecumenical_altar,
          minmay_indecisive_spiral
D:2:      layout_loops_ring, uniq_natasha
D:3:      layout_rooms, minitemple, uniq_sigmund

Skill      XL: |  1  2  3  4  5 |
---------------+----------------+-----
Shields        | 1 |  1.5
Fighting       | 2 |  2.1
Shapeshifting  | 4 |  4.1
Dodging        | |  2.8
Unarmed Combat | |  3.6

Action                     |  1- 3 |  4- 6 || total
---------------------------+-------+-------++-------
  Melee: Unarmed           |    70 |    41 ||   111
         Constrict         |    22 |    13 ||    35
         Tentacles         |    10 |     8 ||    18
         Punch             |       |     1 ||     1
   Stab: Sleeping          |     4 |     3 ||     7
 Armour: Skin              |    30 |    22 ||    52
  Dodge: Dodged            |    20 |     9 ||    29
  Block: Tower shield      |    25 |    23 ||    48

Table legend: (Time is in decaauts)
 A = Elapsed time spent in this place.
 B = Non-inter-level travel time spent in this place.
 C = Inter-level travel time spent in this place.
 D = Time resting spent in this place.
 E = Time spent auto-exploring this place.
 F = Levels seen in this place.
 G = Mean time per level.
                   A        B        C        D        E       F      G
               +--------+--------+--------+--------+--------+-----+--------+
         Total |   2023 |   1930 |     93 |    148 |   1401 |   3 |  674.3 |
       Dungeon |   2023 |   1930 |     93 |    148 |   1401 |   3 |  674.3 |
               +--------+--------+--------+--------+--------+-----+--------+

Top non-repeatable levels by time:
     D:1: 1001 daAuts
     D:2: 998 daAuts
     D:3: 23 daAuts
